 Dungeon Crawl Stone Soup version 0.23.2-1-ga50397a6bc (webtiles) character file.

Game seed: 16568038170212616823

602 Brecoman the Conjurer (level 7, -8/41 HPs)
             Began as an Octopode Conjurer on May 31, 2019.
             Was an Initiate of Ru.
             Killed by divine providence
             ... invoked by an orc priest
              (13 damage)
             ... on level 5 of the Dungeon.
             The game lasted 00:14:06 (4843 turns).

Brecoman the Conjurer (Octopode Conjurer)           Turns: 4843, Time: 00:14:07

Health: -8/41      AC:  1    Str:  7    XL:     7   Next: 41%
Magic:  3/12       EV: 13    Int: 19    God:    Ru [......]
Gold:   258        SH:  0    Dex: 13    Spells: 6/13 levels left

rFire    . . .     SeeInvis .   n - +0 spear (freeze)
rCold    . . .     Gourm    .   (no shield)
rNeg     . . .     Faith    .   (helmet restricted)
rPois    .         Spirit   .   (no amulet)
rElec    .         Reflect  .   (no ring)
rCorr    .         Harm     .   (no ring)
MR       .....                  (no ring)
Stlth    ++++......             (no ring)
HPRegen  0.00/turn              (no ring)
MPRegen  0.13/turn              (no ring)
                                (no ring)
                                (no ring)

@: very slightly contaminated
A: almost no armour, stealthy swim, amphibious, 8 rings, constrict 8, camouflage
1, inhibited regeneration, gelatinous body 1
a: Renounce Religion


You were on level 5 of the Dungeon.
You worshipped Ru.
Ru was noncommittal.
You were not hungry.

You visited 1 branch of the dungeon, and saw 5 of its levels.

You collected 258 gold pieces.

Inventory:

Hand Weapons
 n - a +0 spear of freezing (weapon)
Missiles
 f - 222 stones (quivered)
Jewellery
 e - an uncursed amulet of the gourmand {unknown}
Scrolls
 c - a scroll of noise {unknown}
 d - 7 scrolls of identify {unknown}
 g - a scroll of fog {unknown}
 h - a scroll of immolation {unknown}
 i - 3 scrolls of remove curse {unknown}
 j - 2 scrolls of blinking {unknown}
 l - a scroll of enchant armour {unknown}
 m - a scroll of fear {unknown}
 o - 2 scrolls of teleportation {unknown}
 q - a scroll of magic mapping {unknown}
Potions
 a - 2 potions of curing {unknown}
 k - 2 potions of degeneration {unknown}
 r - a potion of magic {unknown}
 s - 2 potions of agility {unknown}
Comestibles
 b - 12 rations
 p - a chunk of flesh


   Skills:
 + Level 0.0 Fighting
 + Level 2.0 Dodging
 - Level 6.1 Stealth
 + Level 3.9 Spellcasting
 + Level 6.8 Conjurations


You had 6 spell levels left.
You knew the following spells:

 Your Spells              Type           Power        Failure   Level  Hunger
a - Magic Dart            Conj           ####         1%          1    None
b - Searing Ray           Conj           ####..       1%          2    ##.....
c - Iskenderun's Mystic   Conj           ####....     9%          4    ####...

Your spell library contained the following spells:

 Spells                   Type           Power        Failure   Level  Hunger
 Dazzling Spray           Conj/Hex       ###...       11%         3    ###....
 Force Lance              Conj/Tloc      ###.....     34%         4    ####...
 Fulminant Prism          Conj/Hex       ###.......   34%         4    ####...


Dungeon Overview and Level Annotations

Branches:
Dungeon (5/15)             Temple (0/1) D:4

Altars:
Kikubaaqudgha
Makhleb
Ru
Yredelemnul
The Shining One

Annotations:
D:3 2 transporters, Menkaure


Innate Abilities, Weirdness & Mutations

You cannot wear most types of armour.
You are very stealthy in the water. (Stealth+)
You are amphibious.
You can wear up to eight rings at the same time.
You can use your tentacles to constrict eight enemies at once.
Your skin changes colour to match your surroundings (Stealth+).
You do not regenerate when monsters are visible.
Your rubbery body absorbs attacks. (AC +1, EV +1)


Message History

The orc is almost dead.
The orc misses you.
The orc priest looks braver for a moment.
Casting: Magic Dart (safe; 1% risk of failure)
Confirm with . or Enter, or press ? or * to list all spells.
Aiming: Iskenderun's Mystic Blast (safe; 9% risk of failure)
Press: ? - help, Shift-Dir - straight line, f - orc, p - orc
Aim: an orc, wielding a +0 war axe You miscast Iskenderun's Mystic Blast.
You are very lightly contaminated with residual magic.
Wisps of smoke drift from your tentacles.
The orc hits you with a +0 flail of protection.
You see here a stone.
The orc priest invokes the aid of Beogh against you.
Beogh smites you!
* * * LOW HITPOINT WARNING * * *
The orc priest casts a cantrip, but nothing happens.
The orc priest mumbles some strange prayers to Beogh against you.
Beogh smites you!
You die...

####### ###......## .........#
##.. ...# #######
#...####.#############......
##.#.#.>......@..oo.(oo).......
...........##############.<....
....###.##.# #####.( ..
#.##.######## #. #............
. ####.######## #.# #.# #.#


You could see an orc priest and 2 orcs.

Vanquished Creatures
  Sigmund (D:3)
  An ogre (D:4)
  Blork the orc (D:4)
  A crimson imp (D:4)
  A hound (D:5)
  Natasha (D:2)
  A worker ant (D:4)
  4 gnolls (D:2)
  5 adders
  An ooze (D:4)
  3 worms
  2 dart slugs
  3 leopard geckos
  7 orcs
  3 giant cockroaches
  8 goblins
  9 hobgoblins
  A quokka (D:4)
  2 ball pythons
  9 bats
  4 frilled lizards
  10 kobolds
  11 rats
89 creatures vanquished.

Notes
Turn   | Place    | Note
-------+----------+-------------------------------------------
     0 | D:1      | Brecoman the Octopode Conjurer began the quest for the Orb.
     0 | D:1      | Reached XP level 1. HP: 11/11 MP: 3/3
   217 | D:1      | Reached XP level 2. HP: 14/17 MP: 1/5
   699 | D:1      | You fall through a shaft!
   719 | D:2      | Reached XP level 3. HP: 21/21 MP: 3/6
  1251 | D:2      | Learned a level 2 spell: Searing Ray
  1769 | D:2      | Reached XP level 4. HP: 27/27 MP: 1/7
  2096 | D:2      | Noticed Natasha
  2100 | D:2      | Killed Natasha
  2100 | D:2      | Reached skill level 5 in Conjurations
  2356 | D:2      | Reached XP level 5. HP: 26/31 MP: 5/9
  2509 | D:3      | Found an ancient bone altar of Kikubaaqudgha.
  2509 | D:3      | Found a basalt altar of Yredelemnul.
  2510 | D:3      | Found the ring of Phasing {EV+8}
  2510 | D:3      | Noticed Menkaure
  2561 | D:3      | Noticed Sigmund
  2582 | D:3      | Killed Sigmund
  2582 | D:3      | Reached skill level 5 in Stealth
  2582 | D:3      | Reached XP level 6. HP: 11/36 MP: 3/11
  2990 | D:3      | Found a transporter.
  2995 | D:3      | Found a transporter.
  3232 | D:3      | Found a glowing golden altar of the Shining One.
  3451 | D:3      | Found a sacrificial altar of Ru.
  3461 | D:3      | Became a worshipper of Ru the Awakened
  3487 | D:3      | Learned a level 4 spell: Iskenderun's Mystic Blast
  3854 | D:4      | Found a staircase to the Ecumenical Temple.
  3865 | D:4      | Noticed Blork the orc
  3870 | D:4      | Killed Blork the orc
  3926 | D:4      | Reached XP level 7. HP: 14/41 MP: 0/12
  4187 | D:4      | Found a burning altar of Makhleb.
  4446 | D:5      | Entered Level 5 of the Dungeon
  4800 | D:5      | Gained mutation: You do not regenerate when monsters are
                  | visible. [Ru sacrifice]
  4843 | D:5      | Killed from afar by an orc priest

Skill      XL: |  1  2  3  4  5  6  7 |
---------------+----------------------+-----
Stealth        | 3 4 5 6 |  6.1
Conjurations   | 5 6 |  6.8
Spellcasting   | 3 |  3.9
Dodging        | |  2.0

Action                   |  1- 3 |  4- 6 |  7- 9 || total
-------------------------+-------+-------+-------++-------
Melee: Unarmed           |    29 |       |       ||    29
       Constrict         |     9 |    10 |     2 ||    21
       Tentacles         |     3 |     5 |     1 ||     9
       Spear             |       |    67 |     8 ||    75
 Cast: Magic Dart        |    52 |    37 |    31 ||   120
       Searing Ray       |     2 |     6 |       ||     8
       Iskenderun's Myst |       |     3 |     3 ||     6
Invok: Sacrifice Purity  |       |       |     1 ||     1
 Stab: Sleeping          |     2 |     6 |       ||     8
  Eat: Chunk             |     3 |     8 |     3 ||    14
Armor: Skin              |     6 |       |     1 ||     7
Dodge: Dodged            |    27 |    33 |     8 ||    68
